 Dungeon Crawl Stone Soup version 0.28.0-43-g3370ac3207 (webtiles) character file.

Game seed: 9325162578611958946

33 tizbic2 the Chopper (level 3, -1/30 HPs)
             Began as a Hill Orc Gladiator on Mar 27, 2022.
             Slain by an ogre
             ... wielding a +0 giant club
              (6 damage)
             ... on level 4 of the Dungeon.
             The game lasted 00:05:11 (1149 turns).

tizbic2 the Chopper (Hill Orc Gladiator)            Turns: 1149, Time: 00:05:12

Health: -1/30      AC:  9    Str: 18    XL:     3   Next: 29%
Magic:  12/12      EV:  7    Int:  8    God:
Gold:   50         SH:  0    Dex: 12    Spells: 2/2 levels left

rFire   . . .      SeeInvis .   e - +1 whip (vamp)
rCold   . . .      Faith    .   (no shield)
rNeg    . . .      Spirit   .   l - +0 chain mail
rPois   .          Reflect  .   c - +0 helmet
rElec   .          Harm     .   (no cloak)
rCorr   .          Rampage  .   (no gloves)
Will    .....                   (no boots)
Stlth   ..........              (no amulet)
HPRegen 0.10/turn               f - ring of magical power {i}
MPRegen 0.13/turn               (no ring)

@: no status effects
A: no striking features
a: no special abilities


You were on level 4 of the Dungeon.
You visited 1 branch of the dungeon, and saw 3 of its levels.

You collected 50 gold pieces.

Inventory:

Hand Weapons
 a - a +0 war axe
 e - a +1 vampiric whip (weapon)
 k - a +1 hand axe of holy wrath
 w - a +0 hunting sling
Missiles
 d - 5 throwing nets
 h - 16 stones (quivered)
Armour
 b - a +0 leather armour
 c - a +0 helmet (worn)
 l - a +0 chain mail (worn)
Jewellery
 f - a ring of magical power (left hand) {i}
Wands
 m - a wand of flame (15)
Scrolls
 g - a scroll of enchant weapon {unknown}
Potions
 i - 2 potions of degeneration {unknown}
 j - a potion of mutation {unknown}


   Skills:
 + Level 2.8 Fighting
 * Level 4.7 Axes
 + Level 0.2(1.2) Slings
 - Level 2.0 Throwing
 + Level 1.4 Armour
 - Level 2.4 Dodging


You had 2 spell levels left.
You didn't know any spells.
Your spell library was empty.

Dungeon Overview and Level Annotations

Branches:
Dungeon (2/15)

Altars:
Wu Jian

Annotations:
D:4 Pikel


Message History

Pikel shouts!
The hound barks!
You hear a shout!
The hound bites you but does no damage. The hound bites you.
You hit the lemure.
The lemure is moderately wounded.
The lemure hits you.
You hit the lemure.
The lemure is moderately wounded.
A lemure comes into view.
The lemure hits you.
You hit the lemure but do no damage.
The lemure is moderately wounded.
The lemure hits you but does no damage.
A lemure comes into view.
You closely miss the lemure.
The lemure is moderately wounded.
The lemure hits you but does no damage.
You closely miss the lemure.
The lemure is moderately wounded.
The lemure hits you but does no damage.
You hit the lemure.
The lemure is heavily wounded.
The lemure closely misses you.
You hit the lemure.
The lemure is heavily wounded.
The lemure barely misses you.
You hit the lemure.
The lemure is severely wounded.
The lemure hits you!
Pikel says, "Don't tell anyone, but I think Ereshkigal likes me."
Found a chain mail.
Found an ornate altar of the Wu Jian Council.
An ogre comes into view. It is wielding a +0 giant club.
The ogre shouts!
The ogre hits you with a +0 giant club!
* * * LOW HITPOINT WARNING * * *
As you open the door, it creaks loudly!
There is an open door here.
Found a stone staircase leading down.
The ogre hits you with a +0 giant club.
You die...

###.##...# ....##...#
.###...### #...###
...+...#.. # #...#.# #
#...#.#
####...#.###############
+..'......5.5K.O@.....>#
#.##...#.#.#############
#.######.#.....# #.#
#.#####.### #5# #.#
#...# #5# ..# ###.# #.#
### #.# #5# #.# #.# #.#


You could see Pikel, an ogre and 2 lemures.

Vanquished Creatures
  An adder (D:4)
  A worm (D:4)
  A giant cockroach (D:1)
  2 goblins (D:1)
  8 hobgoblins (D:1)
  A quokka (D:1)
  A ball python (D:1)
  A bat (D:1)
  2 frilled lizards (D:1)
  A kobold (D:1)
  2 rats (D:1)
21 creatures vanquished.

Notes
Turn   | Place    | Note
-------+----------+-------------------------------------------
     0 | D:1      | tizbic2 the Hill Orc Gladiator began the quest for the Orb.
     0 | D:1      | Reached XP level 1. HP: 18/18 MP: 1/1
   160 | D:1      | Reached XP level 2. HP: 23/25 MP: 2/2
   187 | D:1      | Reached skill level 1 in Armour
   869 | D:2      | You fall into a shaft and drop 2 floors!
  1009 | D:4      | Reached XP level 3. HP: 30/30 MP: 3/3
  1085 | D:4      | Noticed a lemure
  1085 | D:4      | Noticed a lemure
  1086 | D:4      | Noticed Pikel
  1089 | D:4      | Noticed a lemure
  1090 | D:4      | Noticed a lemure
  1118 | D:4      | Found an ornate altar of the Wu Jian Council.
  1123 | D:4      | Noticed an ogre
  1149 | D:4      | Slain by an ogre

Illustrated notes

Levels and vault maps discovered:
D:1:      psy_arrival_fountain, layout_basic
D:2:      layout_loops_ring, minivault_11, minmay_tromino_v7
D:4:      layout_basic, tso_altar, old_standard_altar, uniq_pikel

Skill      XL: |  1  2 |
---------------+-------+-----
Armour         | 1 |  1.4
Throwing       | 2 |  2.0
Fighting       | |  2.8
Axes           | |  4.7
Slings         | |  0.2
Dodging        | |  2.4

Action                   || total
-------------------------++-------
Melee: Whip              ||    86
 Fire: Hunting sling     ||     7
Armor: Leather armour    ||    10
       Chain mail        ||    19
Dodge: Dodged            ||    40
